 Dungeon Crawl Stone Soup version 0.22.1-1-ga44c0e5 (webtiles) character file.

2076 dvd the Sneak (level 9, 0/53 HPs)
             Began as an Octopode Fire Elementalist on Nov 2, 2018.
             Slain by Duvessa
             ... wielding a +0 short sword
              (16 damage)
             ... on level 6 of the Dungeon.
             The game lasted 00:20:40 (7415 turns).

dvd the Sneak (Octopode Fire Elementalist)          Turns: 7415, Time: 00:20:41

Health: 0/53       AC:  1    Str:  7    XL:     9   Next: 26%
Magic:  7/16       EV: 18    Int: 21    God:
Gold:   243        SH:  0    Dex: 16    Spells: 6/18 levels left

rFire    . . .     SeeInvis .   B - +4 hand axe of Trog's Generosity {vamp, *Drain +Rage MR+ Dex+4}
rCold    . . .     Gourm    .   (no shield)
rNeg     + . .     Faith    .   (helmet restricted)
rPois    .         Spirit   .   (no amulet)
rElec    .         Reflect  .   d - ring of positive energy
rCorr    .         Harm     .   m - +3 ring of evasion
MR       +....                  a - ring of wizardry
Stlth    +++++.....             (no ring)
HPRegen  0.17/turn              (no ring)
MPRegen  0.15/turn              (no ring)
                                (no ring)
                                (no ring)

@: no status effects
A: almost no armour, stealthy swim, amphibious, 8 rings, constrict 8, camouflage
1, gelatinous body 1
a: Evoke Berserk Rage


You were on level 6 of the Dungeon.
You were hungry.

You visited 1 branch of the dungeon, and saw 6 of its levels.
You also visited: Sewer.

You collected 243 gold pieces.

Inventory:

Hand Weapons
 h - a +0 short sword of venom
 p - a +2 whip of draining
 r - a +1 dire flail of holy wrath
 x - a +0 long sword
 y - a +1 dagger of electrocution
 B - the +4 hand axe of Trog's Generosity (weapon) {vamp, *Drain +Rage MR+ Dex+4}
   (You found it on level 5 of the Dungeon)

   It inflicts no extra harm, but heals its wielder when it wounds a living foe.
   It affects your dexterity (+4).
   It affects your resistance to hostile enchantments.
   It lets you go berserk.
   It causes draining when unequipped.
Jewellery
 a - a ring of wizardry (on tentacle)
 d - a ring of positive energy (left tentacle)
 m - a +3 ring of evasion (right tentacle)
Wands
 q - a wand of random effects (22)
Scrolls
 c - 3 scrolls of remove curse
 e - 3 scrolls of teleportation
 f - 7 scrolls of identify
 j - a scroll of amnesia
 n - a scroll of fear
 o - a scroll of immolation {unknown}
 s - 2 scrolls of enchant armour
Potions
 g - a potion of mutation {unknown}
 i - a potion of cancellation {unknown}
 k - a potion of resistance {unknown}
 l - 3 potions of curing {unknown}
 t - 4 potions of flight {unknown}
 u - 4 potions of might {unknown}
 v - 5 potions of heal wounds {unknown}
 w - 4 potions of lignification {unknown}
 z - a potion of brilliance {unknown}
 A - a potion of invisibility {unknown}
 D - a potion of magic {unknown}
Comestibles
 b - 14 rations
 C - a chunk of flesh


   Skills:
 + Level 1.4 Fighting
 + Level 1.8 Short Blades
 + Level 2.6(2.9) Axes
 + Level 1.7(2.4) Maces & Flails
 + Level 3.8 Dodging
 + Level 7.3 Stealth
 + Level 0.2 Unarmed Combat
 + Level 5.2 Spellcasting
 + Level 5.4 Conjurations
 + Level 6.0 Fire Magic


You had 6 spell levels left.
You knew the following spells:

 Your Spells              Type           Power        Failure   Level  Hunger
a - Flame Tongue          Conj/Fire      ####.        1%          1    None
b - Throw Flame           Conj/Fire      ####..       1%          2    None
c - Sticky Flame          Conj/Fire      ####....     4%          4    ####...
d - Fireball              Conj/Fire      ####......   12%         5    #####..

Your spell library contained the following spells:

 Spells                   Type           Power        Failure   Level  Hunger
 Conjure Flame            Conj/Fire      ####....     1%          3    ##.....
 Inner Flame              Hex/Fire       ###.....     4%          3    ##.....


Dungeon Overview and Level Annotations

Branches:
Dungeon (6/15)
 Temple: D:4-7

Altars:
Cheibriados
Gozag
Nemelex Xobeh
Ru
Sif Muna
Xom
Zin
The Shining One

Annotations:
D:6 Duvessa


Innate Abilities, Weirdness & Mutations

You cannot wear most types of armour.
You are very stealthy in the water. (Stealth+)
You are amphibious.
You can wear up to eight rings at the same time.
You can use your tentacles to constrict eight enemies at once.
Your skin changes colour to match your surroundings (Stealth+).
Your rubbery body absorbs attacks. (AC +1, EV +1)


Message History

Duvessa hits you with a short sword! Duvessa hits you but does no damage.
Casting: Flame Tongue (safe; 1% risk of failure)
Confirm with . or Enter, or press ? or * to list all spells.
Aiming: Sticky Flame (safe; 4% risk of failure)
Press: ? - help, Shift-Dir - straight line, f/p - Duvessa
Aim: Duvessa, wielding a short sword and wearing a scale mail (lightly wounded, The sticky flame hits Duvessa.
Duvessa is moderately wounded.
Duvessa is covered in liquid flames!
You are feeling hungry.
You constrict Duvessa.
Duvessa burns!
Duvessa barely misses you.
You completely miss Duvessa.
Duvessa is moderately wounded.
You constrict Duvessa, but do no damage.
Duvessa burns!
Duvessa hits you with a short sword! Duvessa misses you.
You hit Duvessa but do no damage.
Duvessa is moderately wounded.
You constrict Duvessa.
Duvessa burns!
Duvessa hits you with a short sword!! Duvessa hits you with a short sword!
You die...

.....#...p...#.......#.# #.#
....###.....###.....#### #.#
...## ##...## ##...##.# ##.###
####################..######.....
.................................
...............############......
...............# ##.....
...............############.#.#.#
...............e@................
###...###################.#.#.#.#
#...# #)....... ##### #.#.#.#.#
#........ #.#.#.#.# #........
#.#.#.#.# #........


You could see Duvessa (berserk).

Vanquished Creatures
  Pikel (D:6)
  Sigmund (D:6)
  Menkaure (D:5)
  Edmund (D:6)
  A phantom (D:4)
  An ogre (D:4)
  A centaur (D:5)
  2 big kobolds (Sewer)
  Dowan (D:6)
  A scorpion (D:6)
  A crimson imp (D:5)
  A bullfrog zombie (D:6)
  An iguana (D:5)
  Jessica (D:2)
  A bullfrog skeleton (D:5)
  A centaur skeleton (D:4)
  3 orc wizards
  A worker ant (D:4)
  8 gnolls
  10 adders
  7 river rats
  2 shadow imps (D:6)
  2 oozes
  An adder skeleton (D:4)
  5 worms
  3 dart slugs
  4 leopard geckos
  10 orcs
  6 ball pythons
  10 giant cockroaches
  10 goblins
  6 hobgoblins
  16 jackals
  22 kobolds
  4 quokkas
  4 bats
  13 frilled lizards
  3 leopard gecko skeletons
  26 rats
193 creatures vanquished.

Notes
Turn   | Place    | Note
-------+----------+-------------------------------------------
     0 | D:1      | dvd the Octopode Fire Elementalist began the quest for the
                  | Orb.
     0 | D:1      | Reached XP level 1. HP: 11/11 MP: 3/3
    89 | D:1      | Reached XP level 2. HP: 17/17 MP: 1/5
   155 | D:1      | Learned a level 2 spell: Throw Flame
   649 | D:1      | Found a glowing golden altar of the Shining One.
   661 | D:1      | Reached XP level 3. HP: 18/21 MP: 2/6
   726 | D:1      | Reached skill level 3 in Stealth
  1609 | D:2      | Noticed Jessica
  1614 | D:2      | Killed Jessica
  1614 | D:2      | Reached XP level 4. HP: 27/27 MP: 4/8
  1681 | D:2      | Learned a level 4 spell: Sticky Flame
  2554 | D:3      | Found a faded altar of an unknown god.
  2592 | D:3      | Reached XP level 5. HP: 26/31 MP: 5/9
  3062 | D:3      | Reached skill level 1 in Short Blades
  3336 | D:3      | Found a sparkling altar of Nemelex Xobeh.
  3462 | D:3      | Reached XP level 6. HP: 34/36 MP: 10/10
  3577 | D:3      | Found an opulent altar of Gozag.
  3585 | D:3      | Found a glowing silver altar of Zin.
  3736 | D:4      | Noticed a phantom
  3847 | D:4      | Found a glowing drain.
  3856 | D:4      | Reached skill level 4 in Stealth
  4003 | Sewer    | Entered a sewer
  4780 | Sewer    | Reached skill level 1 in Maces & Flails
  4780 | Sewer    | Reached XP level 7. HP: 23/42 MP: 10/12
  5282 | D:4      | Found a snail-covered altar of Cheibriados.
  5283 | D:4      | Reached skill level 5 in Stealth
  5312 | D:4      | Found a shimmering altar of Xom.
  5620 | D:4      | Reached skill level 1 in Fighting
  5698 | D:4      | Found a deep blue altar of Sif Muna.
  5899 | D:5      | Entered Level 5 of the Dungeon
  5944 | D:5      | Reached XP level 8. HP: 48/48 MP: 9/14
  5984 | D:5      | Learned a level 5 spell: Fireball
  6004 | D:5      | Noticed Menkaure
  6014 | D:5      | Killed Menkaure
  6014 | D:5      | Reached skill level 6 in Stealth
  6014 | D:5      | Reached skill level 5 in Fire Magic
  6389 | D:5      | Got a fine hand axe
  6398 | D:5      | Identified the +4 hand axe of Trog's Generosity {vamp,
                  | *Drain +Rage MR+ Dex+4} (You found it on level 5 of the
                  | Dungeon)
  6690 | D:6      | Noticed Dowan
  6691 | D:6      | Noticed Duvessa
  6795 | D:6      | Noticed Sigmund
  6800 | D:6      | Killed Sigmund
  6802 | D:6      | Noticed Edmund
  6814 | D:6      | Killed Edmund
  6814 | D:6      | Reached skill level 1 in Axes
  6814 | D:6      | Reached skill level 5 in Conjurations
  6903 | D:6      | Found a sacrificial altar of Ru.
  7141 | D:6      | Noticed Pikel
  7152 | D:6      | Killed Pikel
  7152 | D:6      | Reached skill level 7 in Stealth
  7152 | D:6      | Reached skill level 5 in Spellcasting
  7152 | D:6      | Reached XP level 9. HP: 53/53 MP: 12/16
  7343 | D:6      | Killed Dowan
  7415 | D:6      | Slain by Duvessa

Skill      XL: |  1  2  3  4  5  6  7  8  9 |
---------------+----------------------------+-----
Stealth        | 3 4 5 7 |  7.3
Conjurations   | 2 3 4 5 |  5.4
Fire Magic     | 4 5 6 |  6.0
Spellcasting   | 3 4 5 |  5.2
Short Blades   | 1 |  1.8
Maces & Flails | 1 |  1.7
Dodging        | 3 |  3.8
Fighting       | 1 |  1.4
Axes           | 2 |  2.6
Unarmed Combat | |  0.2

Action                   |  1- 3 |  4- 6 |  7- 9 || total
-------------------------+-------+-------+-------++-------
Melee: Unarmed           |     6 |       |       ||     6
       Short sword       |     9 |    18 |       ||    27
       Constrict         |     3 |    21 |    17 ||    41
       Tentacles         |     1 |     9 |     3 ||    13
       Whip              |       |    54 |     8 ||    62
       Hand axe          |       |       |    45 ||    45
       Dagger            |       |       |     6 ||     6
 Cast: Flame Tongue      |    56 |   137 |    52 ||   245
       Throw Flame       |     2 |    17 |    25 ||    44
       Sticky Flame      |       |     4 |     9 ||    13
  Use: Scroll            |       |     6 |       ||     6
 Stab: Sleeping          |     4 |     4 |     9 ||    17
  Eat: Chunk             |     3 |    11 |     7 ||    21
       Ration            |       |       |     2 ||     2
Armor: Skin              |     1 |    10 |     1 ||    12
Dodge: Dodged            |    12 |   144 |    49 ||   205
